 Dungeon Crawl Stone Soup version 0.19-a0-682-g708bd0e (webtiles) character file.

1500 AlphabetPasta the Stinger (level 8, -8/60 HPs)
             Began as a Green Draconian Venom Mage on June 18, 2016.
             Was a Follower of Vehumet.
             Mangled by a wraith (15 damage)
             ... on level 4 of the Dungeon.
             The game lasted 00:53:33 (6825 turns).

AlphabetPasta the Stinger (DrVM)                    Turns: 6825, Time: 00:53:33

Health: -8/60      AC:  8    Str: 10    XL:     8   Next: 52%
Magic:  17/17      EV: 13    Int: 18    God:    Vehumet [*.....]
Gold:   216        SH:  0    Dex: 12    Spells: 5 memorised, 8 levels left

rFire  . . .     SeeInvis .     e - +0 falchion
rCold  . . .     Gourm    .     (armour unavailable)
rNeg   . . .     Faith    .     (no shield)
rPois  +         Spirit   .     (helmet restricted)
rElec  .         Dismiss  .     d - +0 cloak
rCorr  .         Reflect  .     g - +0 pair of gloves (curse)
SustAt .         Harm     .     (no boots)
MR     .....                    (no amulet)
Stlth  ++........               (no ring)
                                (no ring)

@: slowed, very slow, not resistant to hostile enchantments, unstealthy
A: breathe noxious fumes, unfitting armour, poison resistance, cold-blooded, AC
+6
a: Breathe Noxious Fumes, Renounce Religion


You were on level 4 of the Dungeon.
You worshipped Vehumet.
Vehumet was aware of your devotion.
You were not hungry.

You visited 2 branches of the dungeon, and saw 6 of its levels.
You also visited: Sewer.

You collected 216 gold pieces.

Inventory:

Hand Weapons
 e - a +0 falchion (weapon)
Missiles
 p - a javelin (quivered)
Armour
 d - a +0 cloak (worn)
 g - a cursed +0 pair of gloves (worn)
Wands
 j - a wand of teleportation (1/9)
 m - a wand of flame (7/48)
Scrolls
 c - 4 scrolls of fear
 i - 3 scrolls of magic mapping
 q - 2 scrolls of remove curse
 r - a scroll of fog
 s - a scroll of identify
Potions
 n - a potion of brilliance
Books
 a - a Young Poisoner's Handbook

   Spells                             Type                      Level
   a - Sting                          Conjuration/Poison           1
   b - Cure Poison                    Poison                       2
   c - Mephitic Cloud                 Conjuration/Poison/Air       3
   d - Olgreb's Toxic Radiance        Poison                       4
   e - Venom Bolt                     Conjuration/Poison           5
 o - a book of the Sky

   Spells                             Type                      Level
   a - Summon Lightning Spire         Summoning/Air                4
   b - Airstrike                      Air                          4
   c - Silence                        Hexes/Air                    5
   d - Deflect Missiles               Charms/Air                   6
   e - Conjure Ball Lightning         Conjuration/Air              6
   f - Tornado                        Air                          9
Comestibles
 h - 2 meat rations
 k - a beef jerky


   Skills:
 + Level 1.6 Fighting
 - Level 3.7 Dodging
 - Level 2.4 Stealth
 * Level 6.1 Spellcasting
 + Level 4.2 Conjurations
 + Level 2.9 Air Magic
 + Level 7.5 Poison Magic


You had 8 spell levels left.
You knew the following spells:

 Your Spells              Type           Power        Failure   Level  Hunger
a - Sting                 Conj/Pois      ####         1%          1    None
b - Mephitic Cloud        Conj/Pois/Air  ###.....     6%          3    ##.....
c - Cure Poison           Pois           ####......   1%          2    None
d - Olgreb's Toxic Radia  Pois           ####....     6%          4    ####...
e - Shock                 Conj/Air       ###.         2%          1    None


Dungeon Overview and Level Annotations

Branches:
Dungeon (5/15)             Temple (1/1) D:4

Altars:
Ashenzari
Dithmenos
Elyvilon
Makhleb
Nemelex Xobeh
Okawaru
Pakellas
Qazlal
Sif Muna
Trog
Uskayaw
Vehumet
Yredelemnul
Zin
The Shining One

Annotations:
D:3 Ducklets's ghost, amateur SpWr
D:4 Xcelar's ghost, amateur HOFi
D:5 Blork the orc; Edmund


Innate Abilities, Weirdness & Mutations

You can breathe blasts of noxious fumes.
Your lurid green scales are hard. (AC +6)
Your body does not fit into most forms of armour.
Your system is resistant to poisons. (rPois)
You are cold-blooded and may be slowed by cold attacks.


Message History

Press: ? - help, Shift-Dir - straight line, f/p - wraith
Aim: a wraith (heavily damaged)
The puff of flame hits the wraith.
The wraith appears unharmed.
The wraith is heavily damaged.
Evoking this partially-identified wand wasted a few charges.
The wraith hits you but does no damage.
You barely miss the wraith.
The wraith is heavily damaged.
The wraith hits you!
* * * LOW HITPOINT WARNING * * *
The wraith drains your vigour!
You feel as though you will be slow longer.
The wraith barely misses you.
You hit the wraith but do no damage.
The wraith is heavily damaged.
The wraith completely misses you. The wraith hits you but does no damage.
You barely miss the wraith.
The wraith is heavily damaged.
The wraith hits you!
You die...

# *#....##.>)##...######.#
# #####..#######........#.#
# #.........##..........#.#
###.........##..........#.#
............##............#
####.##(######...........##
# #.##.# #....#.....##
####.##.# #.#..#.....#
...#.##.# #.#@.##....###
.....##.# #.#W.##.....)###
...####.# ###..##....#...#
...# #.# #..##....###.#
...# #.########..##....#
#.# ####
#.##..............# #.##
#.#..####.........# #..#
#######...## #.....#####
##.# ..........# #.....#
#.#


You could see a wraith.

Vanquished Creatures
  Grinder (D:4)
  Sigmund (D:4)
  Menkaure (D:5)
  Duvessa (D:4)
  An ogre (D:5)
  2 giant frogs (Sewer)
  Dowan (D:4)
  A howler monkey (D:5)
  A centaur zombie (D:5)
  A jelly (D:5)
  4 orc wizards
  2 orc priests
  2 iguanas (D:5)
  Jessica (D:3)
  Ijyb (D:3)
  2 worker ant zombies (D:5)
  10 adders
  5 river rats (Sewer)
  2 oozes
  An adder zombie (D:5)
  A dart slug (D:1)
  3 worms
  5 giant geckos
  12 orcs
  17 ball pythons
  11 giant cockroaches
  11 goblins
  4 hobgoblins
  6 kobolds
  4 quokkas
  5 bats
  8 giant newts
  A quokka zombie (D:5)
  28 rats
157 creatures vanquished.

Notes
Turn   | Place    | Note
--------------------------------------------------------------
     0 | D:1      | AlphabetPasta the Draconian Venom Mage began the quest for the Orb.
     0 | D:1      | Reached XP level 1. HP: 14/14 MP: 3/3
   331 | D:1      | Reached XP level 2. HP: 20/20 MP: 0/5
   910 | D:2      | Reached XP level 3. HP: 26/26 MP: 0/6
   915 | D:2      | Learned a level 3 spell: Mephitic Cloud
  1062 | D:2      | Found a bloodstained altar of Trog.
  1235 | D:2      | Learned a level 2 spell: Cure Poison
  1243 | D:2      | HP: 1/26 [poisoned by an adder]
  2060 | D:3      | Noticed Ijyb
  2101 | D:3      | Killed Ijyb
  2101 | D:3      | Reached XP level 4. HP: 11/33 MP: 0/8
  2444 | D:3      | Noticed Jessica
  2447 | D:3      | Killed Jessica
  2447 | D:3      | Reached skill level 1 in Conjurations
  2521 | D:3      | Noticed Ducklets's ghost (amateur SpWr)
  2676 | D:3      | Found a stormy altar of Qazlal.
  2684 | D:3      | Reached XP level 5. HP: 38/38 MP: 0/9
  2754 | D:3      | Found a glowing drain.
  2792 | Sewer    | Entered a sewer
  4154 | Sewer    | Reached XP level 6. HP: 30/45 MP: 5/11
  4329 | Sewer    | Reached skill level 5 in Poison Magic
  4999 | D:4      | Noticed Sigmund
  5118 | D:4      | Killed Sigmund
  5118 | D:4      | Your scales start taking on a lurid green colour.
  5118 | D:4      | Reached skill level 6 in Poison Magic
  5118 | D:4      | Reached XP level 7. HP: 40/50 MP: 8/13
  5118 | D:4      | Gained mutation: Your system is resistant to poisons. (rPois) [Green Draconian growth]
  5180 | D:4      | Learned a level 4 spell: Olgreb's Toxic Radiance
  5184 | D:4      | Noticed Xcelar's ghost (amateur HOFi)
  5184 | D:4      | Noticed Grinder
  5277 | D:4      | Found a basalt altar of Yredelemnul.
  5286 | D:4      | Found an oddly glowing altar of Pakellas.
  5543 | D:4      | Found a staircase to the Ecumenical Temple.
  5559 | Temple   | Entered the Ecumenical Temple
  5590 | Temple   | Became a worshipper of Vehumet
  5619 | D:4      | Paralysed by Grinder for 2 turns
  5633 | D:4      | Killed Grinder
  5633 | D:4      | Reached skill level 5 in Spellcasting
  5633 | D:4      | Reached skill level 1 in Air Magic
  5864 | D:4      | Found a deep blue altar of Sif Muna.
  5968 | D:4      | Noticed Duvessa
  5970 | D:4      | Noticed Dowan
  5979 | D:4      | Killed Duvessa
  5983 | D:4      | Killed Dowan
  5983 | D:4      | Reached XP level 8. HP: 57/57 MP: 1/16
  6099 | D:4      | Reached skill level 7 in Poison Magic
  6147 | D:5      | Entered Level 5 of the Dungeon
  6357 | D:5      | Noticed Menkaure
  6364 | D:5      | Killed Menkaure
  6364 | D:5      | Reached skill level 1 in Fighting
  6507 | D:5      | Reached * piety under Vehumet
  6507 | D:5      | Offered knowledge of Shock by Vehumet.
  6526 | D:5      | Noticed Edmund
  6544 | D:5      | Noticed Blork the orc
  6544 | D:5      | HP: 1/59 [wraith (8)]
  6760 | D:5      | Learned a level 1 spell: Shock
  6825 | D:4      | Mangled by a wraith

Vault maps used:
D:1:      dpeg_arrival_pond, minmay_strange_pillars
D:2:      trog_butcher_becter
D:3:      gup_sewer_entry_glass, nicolae_qazlal_eye_of_the_storm, uniq_jessica,
          uniq_iyjb
D:4:      amethyst_overflow_temple_binary, minmay_temple_entry_statues_pillars,
          led_sif_book, uniq_duvessa, uniq_grinder, uniq_sigmund
D:5:      serial_undead, serial_undead_a, serial_undead_a, serial_undead_d,
          serial_undead_f, first_bread, kennysheep_generic_room_13, uniq_pikel,
          uniq_menkaure, uniq_blork_the_orc, uniq_edmund
Temple:   temple_eino_lava_12
Sewer:    sewer_minmay_w

Skill      XL: |  1  2  3  4  5  6  7  8 |
---------------+-------------------------+-----
Dodging        | 2 3 |  3.7
Stealth        | 2 |  2.4
Spellcasting   | 3 4 5 6 |  6.1
Conjurations   | 1 2 3 4 |  4.2
Poison Magic   | 6 7 |  7.5
Air Magic      | 1 2 |  2.9
Fighting       | 1 |  1.6

Action                   |  1- 3 |  4- 6 |  7- 9 || total
-------------------------+-------+-------+-------++-------
Melee: Unarmed           |    48 |       |       ||    48
       Tailslap          |     3 |     9 |    15 ||    27
       Falchion          |       |    96 |   103 ||   199
Throw: Javelin           |       |    10 |       ||    10
 Cast: Sting             |    89 |   162 |    34 ||   285
       Mephitic Cloud    |       |     2 |     3 ||     5
       Olgreb's Toxic Ra |       |       |     4 ||     4
       Shock             |       |       |     4 ||     4
 Abil: Breathe Noxious F |       |       |    11 ||    11
Evoke: Wand              |       |     1 |     7 ||     8
  Use: Scroll            |     5 |     1 |     7 ||    13
       Potion            |     2 |     6 |     8 ||    16
 Stab: Confused          |       |       |     4 ||     4
  Eat: Chunk             |     3 |     6 |     4 ||    13
       Pizza             |     1 |       |       ||     1
       Royal jelly       |       |     1 |       ||     1
       Beef jerky        |       |     1 |       ||     1
       Bread ration      |       |       |     1 ||     1
Armor: Skin              |    17 |    48 |    31 ||    96
Dodge: Dodged            |    38 |   136 |    76 ||   250
